 Dungeon Crawl Stone Soup version 0.19.4 (webtiles) character file.

10770 Kiturien the Fighter (level 11, -2/107 HPs)
             Began as a Hill Orc Fighter on Feb 1, 2017.
             Was a Believer of Qazlal.
             Killed by divine providence
             ... invoked by an orc priest
              (14 damage)
             ... on level 12 of the Dungeon.
             The game lasted 00:44:21 (12285 turns).

Kiturien the Fighter (Hill Orc Fighter)            Turns: 12285, Time: 00:44:21

Health: -2/107     AC: 15    Str: 23    XL:     11   Next: 67%
Magic:  11/11      EV:  8    Int:  8    God:    Qazlal [**....]
Gold:   594        SH: 23    Dex: 10    Spells: 0 memorised, 10 levels left

rFire  + . .     SeeInvis .     I - +5 war axe
rCold  . . .     Gourm    .     z - +4 chain mail
rNeg   . . .     Faith    .     m - +2 shield {reflect}
rPois  .         Spirit   .     v - +0 helmet
rElec  .         Reflect  +     (no cloak)
rCorr  .         Harm     .     (no gloves)
MR     +....                    (no boots)
Stlth  ..........               p - +5 amulet of reflection
                                a - ring of protection from fire
                                i - ring of protection from magic

@: no status effects
A: no striking features
a: Upheaval, Renounce Religion, Convert to Beogh


You were on level 12 of the Dungeon.
You worshipped Qazlal.
Qazlal was pleased with you.
You were not hungry.

You visited 2 branches of the dungeon, and saw 13 of its levels.

You collected 594 gold pieces.

Inventory:

Hand Weapons
 r - the +2 hand axe of Frustration {chop, MR+ Dex+3}
   (You found it on level 4 of the Dungeon)

   It inflicts extra damage upon your enemies.
   It affects your dexterity (+3).
   It affects your resistance to hostile enchantments.
 u - a +1 long sword of holy wrath
 I - a +5 war axe (weapon)
Missiles
 L - a throwing net (quivered)
Armour
 m - a +2 shield of reflection (worn)
 v - a +0 helmet (worn)
 z - a +4 chain mail (worn)
 B - a +0 plate armour
Jewellery
 a - a ring of protection from fire (right hand)
 i - a ring of protection from magic (left hand)
 p - a +5 amulet of reflection (around neck)
 s - an uncursed ring of protection from fire
 x - an uncursed amulet of the gourmand
 M - an uncursed ring of ice
Wands
 k - a wand of iceblast (12/15)
 o - a wand of flame (43/48)
 y - a wand of confusion (15/48)
 G - a wand of paralysis (19/24)
 K - a wand of disintegration (17/24)
 N - a wand of slowing (21/48)
Scrolls
 c - 6 scrolls of remove curse
 g - a scroll of recharging
 h - 2 scrolls of amnesia
 j - a scroll of teleportation
 t - 2 scrolls of noise
 H - 5 scrolls of magic mapping
 O - a scroll of fog
Potions
 b - a potion of lignification
 d - 3 potions of might
 e - 4 potions of agility
 l - 2 potions of ambrosia
 w - a potion of curing
 A - a potion of berserk rage
 C - a potion of cancellation
Books
 D - a book of Conjurations

   Spells                             Type                      Level
   a - Magic Dart                     Conjuration                  1
   b - Searing Ray                    Conjuration                  2
   c - Dazzling Spray                 Conjuration/Hexes            3
   d - Fulminant Prism                Conjuration/Hexes            4
   e - Iskenderun's Mystic Blast      Conjuration                  4
   f - Iskenderun's Battlesphere      Conjuration/Charms           5
 J - a book of Transfigurations

   Spells                             Type                      Level
   a - Irradiate                      Conjuration/Transmutation    5
   b - Statue Form                    Transmutation/Earth          6
   c - Hydra Form                     Transmutation                6
   d - Dragon Form                    Transmutation                7
Comestibles
 f - 7 bread rations
 n - 4 meat rations
 q - 11 fruits
 E - 3 beef jerkies


   Skills:
 + Level 13.0 Fighting
 - Level 0.2 Long Blades
 - Level 10.5 Axes
 - Level 5.8 Armour
 - Level 2.1 Dodging
 - Level 0.3 Stealth
 - Level 12.3 Shields


You had 10 spell levels left.
You didn't know any spells.

Dungeon Overview and Level Annotations

Branches:
Dungeon (12/15)            Temple (1/1) D:7             Orc (0/2) D:10
   Lair: D:8-11

Altars:
Ashenzari
Cheibriados
Dithmenos
Elyvilon
Fedhas
Gozag
Hepliaklqana
Kikubaaqudgha
Makhleb
Nemelex Xobeh
Okawaru
Qazlal
Ru
Sif Muna
Trog
Uskayaw
Vehumet
Xom
Yredelemnul
Zin
The Shining One

Shops:
D:8 }[

Annotations:
D:10 1 runed door
D:11 Sonja


Message History

The yak is severely wounded.
You barely miss the yak. You slash the yak! You barely miss the wolf.
You block the wolf's attack. x2; You block the yak's attack.
The yak barely misses you. The yak misses you.
You closely miss the yak.
The yak is severely wounded.
You hit the wolf but do no damage. You hit the yak. You slash the yak!
The wolf is engulfed in freezing vapours.
You kill the wolf!
Qazlal accepts your kill.
Your Fighting skill increases to level 13!
The orc priest invokes the aid of Beogh against you.
Beogh smites you!
* * * LOW HITPOINT WARNING * * *
You block the yak's attack. x2; The yak gores you!
* * * LOW HITPOINT WARNING * * *
A hill giant comes into view. It is wielding a giant club.
The orc priest calls down the wrath of Beogh upon you.
Beogh smites you!
You die...

... ... .... #
..... .#
.....#######..##
.......§Y.......
.......YY.....C.
.......@.†.o....
.......§........
................
................
................
###........#####
#........#
#........#


You could see a hill giant, 3 yaks and an orc priest.

Vanquished Creatures
  A hill giant (D:10)
  An ugly thing (D:11)
  Joseph (D:7)
  2 hippogriffs
  Prince Ribbit (D:7)
  A two-headed ogre (D:10)
  11 yaks
  The ghost of flsc the Shield-Bearer, an amateur MiFi (D:4)
  Eustachio (D:4)
  A steam dragon (D:9)
  A hungry ghost (D:5)
  4 vampire mosquitoes (D:9)
  5 orc warriors
  5 ice beasts
  An eye of draining (D:11)
  A black bear (D:8)
  11 ogres
  A wolf (D:12)
  5 centaurs
  A crocodile (D:8)
  3 big kobolds
  5 bullfrogs
  Blork the orc (D:4)
  4 scorpions
  3 killer bees (D:7)
  The ghost of Kiturien the Skirmisher, a weakling HOFi (D:3)
  4 wights (D:7)
  A howler monkey (D:11)
  4 crimson imps
  2 centaur zombies
  3 hounds
  2 jellies
  A gnoll shaman (D:6)
  7 orc priests
  A bullfrog skeleton (D:7)
  2 centaur skeletons
  17 orc wizards
  Terence (D:2)
  2 iguanas
  Natasha (thrice) (D:4)
  5 worker ants
  Robin (D:3)
  A howler monkey zombie (D:11)
  9 adders
  8 gnolls
  2 shadow imps
  An ooze (D:2)
  3 adder skeletons
  An adder zombie (D:5)
  3 worms
  A dart slug (D:3)
  7 leopard geckos
  54 orcs
  6 giant cockroaches
  14 goblins
  12 hobgoblins
  7 jackals
  8 quokkas
  11 bats
  3 frilled lizards
  A jackal skeleton (D:4)
  18 kobolds
  A leopard gecko skeleton (D:4)
  2 quokka zombies
  10 rats
312 creatures vanquished.

Vanquished Creatures (others)
  3 centaurs
  An orc wizard (D:6)
  2 kobolds (D:8)
6 creatures vanquished.

Grand Total: 318 creatures vanquished

Notes
Turn   | Place    | Note
-------+----------+-------------------------------------------
     0 | D:1      | Kiturien the Hill Orc Fighter began the quest for the Orb.
     0 | D:1      | Reached XP level 1. HP: 19/19 MP: 1/1
   436 | D:1      | Reached XP level 2. HP: 27/27 MP: 2/2
   721 | D:2      | Reached skill level 4 in Fighting
   721 | D:2      | Reached XP level 3. HP: 14/33 MP: 3/3
  1392 | D:2      | Reached XP level 4. HP: 21/41 MP: 4/4
  1648 | D:2      | Found a faded altar of an unknown god.
  1994 | D:2      | Found a blossoming altar of Fedhas.
  2145 | D:3      | Noticed Terence
  2158 | D:3      | Noticed Kiturien's ghost (weakling HOFi)
  2170 | D:2      | Killed Terence
  2170 | D:2      | Reached XP level 5. HP: 16/47 MP: 5/5
  2408 | D:3      | Killed Kiturien's ghost
  2644 | D:3      | Reached skill level 1 in Dodging
  2903 | D:3      | Found a sacrificial altar of Ru.
  3146 | D:3      | Noticed Robin
  3155 | D:3      | Killed Robin
  3488 | D:4      | Noticed Blork the orc
  3510 | D:4      | Killed Blork the orc
  3510 | D:4      | Reached skill level 5 in Axes
  3510 | D:4      | Reached XP level 6. HP: 20/55 MP: 6/6
  4123 | D:4      | Reached skill level 5 in Shields
  4171 | D:4      | Found an opulent altar of Gozag.
  4310 | D:4      | Got a fine hand axe
  4311 | D:4      | Identified the cursed +2 hand axe of Frustration {chop, MR+ Dex+3} (You found it on level 4 of the Dungeon)
  4339 | D:4      | Noticed flsc's ghost (amateur MiFi)
  4348 | D:4      | Noticed Eustachio
  4664 | D:4      | Reached XP level 7. HP: 59/60 MP: 7/7
  4699 | D:4      | Noticed Natasha
  4703 | D:4      | Killed Natasha
  4791 | D:5      | Entered Level 5 of the Dungeon
  5214 | D:4      | Killed flsc's ghost
  5357 | D:4      | Noticed Natasha
  5360 | D:4      | Killed Natasha
  5494 | D:4      | Noticed Natasha
  5500 | D:4      | Killed Natasha
  5651 | D:4      | Killed Eustachio
  5651 | D:4      | Reached XP level 8. HP: 67/67 MP: 8/8
  6616 | D:5      | Found an iron altar of Okawaru.
  7094 | D:6      | Reached skill level 10 in Shields
  7526 | D:6      | Reached XP level 9. HP: 73/73 MP: 9/9
  7805 | D:6      | You fall through a shaft for 2 floors!
  8182 | D:8      | Reached skill level 5 in Fighting
  8608 | D:8      | Found Ynejuliq's Gadget Emporium.
  8643 | D:8      | Found Zishotet's Armour Emporium.
  8798 | D:7      | Got a scorched quarterstaff
  8986 | D:7      | Reached XP level 10. HP: 75/81 MP: 10/10
  9012 | D:7      | Noticed Joseph
  9013 | D:7      | Reached skill level 5 in Armour
  9063 | D:7      | Killed Joseph
  9196 | D:7      | Found a staircase to the Ecumenical Temple.
  9205 | Temple   | Entered the Ecumenical Temple
  9275 | Temple   | Became a worshipper of Qazlal Stormbringer
  9696 | D:7      | Reached skill level 6 in Fighting
  9942 | D:7      | Reached skill level 10 in Axes
 10064 | D:7      | Noticed Prince Ribbit
 10110 | D:7      | Killed Prince Ribbit
 10428 | D:9      | Found a basalt altar of Yredelemnul.
 10428 | D:9      | Found an opulent altar of Gozag.
 10675 | D:9      | Reached * piety under Qazlal
 10765 | D:9      | Reached skill level 7 in Fighting
 11069 | D:9      | Reached skill level 8 in Fighting
 11222 | D:10     | Entered Level 10 of the Dungeon
 11225 | D:10     | Noticed a hill giant
 11230 | D:10     | Reached skill level 9 in Fighting
 11241 | D:10     | Killed a hill giant
 11241 | D:10     | Reached XP level 11. HP: 68/99 MP: 11/11
 11266 | D:10     | Reached skill level 10 in Fighting
 11342 | D:10     | Reached skill level 11 in Fighting
 11660 | D:10     | Found a staircase to the Orcish Mines.
 11681 | D:10     | Reached ** piety under Qazlal
 11861 | D:10     | Found a runed door.
 11861 | D:10     | Noticed a fire dragon
 11861 | D:10     | Noticed a deep elf archer
 11861 | D:10     | Noticed a deep elf knight
 11863 | D:10     | Noticed a deep elf knight
 11863 | D:10     | Noticed an orc warlord
 11863 | D:10     | Noticed a flayed ghost
 11863 | D:10     | Noticed a phantasmal warrior
 12077 | D:11     | Reached skill level 12 in Fighting
 12261 | D:11     | Noticed Sonja
 12261 | D:11     | Noticed a cyan ugly thing
 12270 | D:11     | Killed a cyan ugly thing
 12284 | D:12     | Reached skill level 13 in Fighting
 12285 | D:12     | Noticed a hill giant
 12285 | D:12     | Killed from afar by an orc priest

Skill      XL: |  1  2  3  4  5  6  7  8  9 10 11 |
---------------+----------------------------------+-----
Fighting       | 4 5 9 13 | 13.0
Axes           | 3 5 8 10 | 10.5
Armour         | 4 5 |  5.8
Shields        | 4 5 8 10 12 | 12.3
Dodging        | 1 2 |  2.1
Long Blades    | |  0.2
Stealth        | |  0.3

Action                   |  1- 3 |  4- 6 |  7- 9 | 10-12 || total
-------------------------+-------+-------+-------+-------++-------
Melee: War axe           |   129 |   183 |       |   362 ||   674
       Hand axe          |       |    30 |   525 |     2 ||   557
       Long sword        |       |    21 |       |       ||    21
Evoke: Wand              |       |     1 |       |     1 ||     2
  Use: Potion            |     2 |       |       |     1 ||     3
       Scroll            |       |    11 |     1 |    11 ||    23
  Eat: Bread ration      |     1 |     1 |     4 |       ||     6
       Beef jerky        |       |     2 |     1 |     4 ||     7
       Pizza             |       |     1 |       |       ||     1
       Royal jelly       |       |       |       |     1 ||     1
       Chunk             |       |       |       |     1 ||     1
Armor: Scale mail        |    66 |    76 |    41 |       ||   183
       Chain mail        |       |       |    79 |   111 ||   190
Dodge: Dodged            |    60 |    76 |    82 |    79 ||   297
Block: Shield            |    73 |   144 |   496 |   428 ||  1141
       Reflection        |       |     1 |    21 |    21 ||    43
       Buckler           |       |    12 |       |       ||    12
       Rpst.: Long sword |       |     3 |       |       ||     3
